 Dungeon Crawl Stone Soup version 0.23-a0-143-g1adec7b (webtiles) character file.

4161 mopl the Covert (level 10, 0/77 HPs)
             Began as a Gnoll Assassin on Sept 2, 2018.
             Was an Initiate of Gozag.
             Killed by vampiric draining
             ... invoked by a vampire
              (9 damage)
             ... on level 8 of the Dungeon.
             The game lasted 00:15:23 (8451 turns).

mopl the Covert (Gnoll Assassin)                    Turns: 8451, Time: 00:15:24

Health: 0/77       AC:  6    Str: 14    XL:     10   Next: 28%
Magic:  17/17      EV: 19    Int: 13    God:    Gozag
Gold:   493        SH:  0    Dex: 20    Spells: 19/19 levels left

rFire    . . .     SeeInvis .   a - +0 rapier (venom)
rCold    . . .     Gourm    .   (no shield)
rNeg     . . .     Faith    .   c - +0 robe
rPois    +         Spirit   .   x - +0 helmet
rElec    .         Reflect  .   d - +0 cloak
rCorr    .         Harm     .   w - +0 pair of gloves
MR       .....                  (no boots)
Stlth    +++++.....             e - amulet of the acrobat
HPRegen  0.22/turn              C - ring of poison resistance
MPRegen  0.15/turn              H - +3 ring of evasion

@: no status effects
A: distributed training, fangs 1, strong nose
a: Potion Petition, Call Merchant, Bribe Branch, Renounce Religion


You were on level 8 of the Dungeon.
You worshipped Gozag.
Gozag was aware of your devotion.
You were not hungry.

You visited 1 branch of the dungeon, and saw 9 of its levels.

You collected 815 gold pieces.
You spent 182 gold pieces at shops.
You paid 140 gold pieces to Gozag.

Inventory:

Hand Weapons
 a - a +0 rapier of venom (weapon)
 b - a +0 blowgun
 r - a +2 short sword of protection
 N - a +0 long sword of protection
 Q - a +0 hunting sling
Missiles
 f - 2 curare-tipped needles
 l - 128 arrows
 m - 80 bolts
 o - 137 stones
 u - 73 poisoned needles
 v - 60 sling bullets
 D - 17 tomahawks (quivered)
Armour
 c - a +0 robe (worn)
 d - a +0 cloak (worn)
 w - a +0 pair of gloves (worn)
 x - a +0 helmet (worn)
 R - a +4 ring mail of cold resistance
Jewellery
 e - an amulet of the acrobat (around neck)
 z - an uncursed ring of fire
 C - a ring of poison resistance (left hand)
 H - a +3 ring of evasion (right hand)
 L - an uncursed ring of resist corrosion {unknown}
 S - a cursed ring of attention {unknown}
Wands
 E - a wand of paralysis (6)
 P - a wand of polymorph (18)
 U - a wand of flame (17)
Scrolls
 j - a scroll of fog {unknown}
 k - 6 scrolls of identify {unknown}
 p - 2 scrolls of immolation {unknown}
 q - 7 scrolls of teleportation {unknown}
 s - 5 scrolls of remove curse {unknown}
 y - a scroll of amnesia {unknown}
 F - a scroll of noise {unknown}
 G - 3 scrolls of enchant weapon {unknown}
 K - a scroll of blinking {unknown}
 M - a scroll of magic mapping {unknown}
 O - a scroll of fear {unknown}
 T - a scroll of enchant armour {unknown}
Potions
 h - 3 potions of might {unknown}
 i - 3 potions of lignification {unknown}
 n - a potion of heal wounds
 t - 2 potions of magic {unknown}
 A - 2 potions of brilliance {unknown}
 B - 2 potions of agility
 I - 2 potions of haste {unknown}
 J - a potion of curing
Comestibles
 g - 12 rations


   Skills:
 + Level 6.9 Fighting
 + Level 6.9 Short Blades
 + Level 5.0 Long Blades
 + Level 5.0 Axes
 + Level 5.0 Maces & Flails
 + Level 5.0 Polearms
 + Level 5.0 Staves
 + Level 5.0 Slings
 + Level 5.0 Bows
 + Level 5.0 Crossbows
 + Level 6.9 Throwing
 + Level 5.0 Armour
 + Level 5.7 Dodging
 + Level 9.3 Stealth
 + Level 5.0 Shields
 + Level 5.0 Unarmed Combat
 + Level 5.0 Spellcasting
 + Level 4.1 Conjurations
 + Level 4.1 Hexes
 + Level 4.1 Charms
 + Level 4.1 Summonings
 + Level 4.1 Necromancy
 + Level 4.1 Translocations
 + Level 4.1 Transmutations
 + Level 4.1 Fire Magic
 + Level 4.1 Ice Magic
 + Level 4.1 Air Magic
 + Level 4.1 Earth Magic
 + Level 4.1 Poison Magic
 + Level 5.5 Invocations
 + Level 5.0 Evocations


You had 19 spell levels left.
You didn't know any spells.
Your spell library contained the following spells:

 Spells                   Type           Power        Failure   Level  Hunger
 Sublimation of Blood     Necr           ##........   4%          2    ##.....
 Ignite Poison            Fire/Tmut/Pois ##......     10%         3    ###....
 Petrify                  Tmut/Erth      ##......     32%         4    ####...
 Alistair's Intoxication  Tmut/Pois      ##......     67%         5    ######.
 Irradiate                Conj/Tmut      ##........   67%         5    ######.


Dungeon Overview and Level Annotations

Branches:
Dungeon (9/15)             Temple (0/1) D:7
   Lair: D:8-11         Orc: D:9-12

Altars:
Elyvilon
Fedhas
Gozag
Hepliaklqana
Makhleb
Okawaru
Qazlal
Ru
Sif Muna
Vehumet
Yredelemnul
Zin
The Shining One

Shops:
D:5 !

Annotations:
D:7 exclusion: door
D:8 Blork the orc


Innate Abilities, Weirdness & Mutations

Your experience applies equally to all skills.
You have very sharp teeth.
Your uncanny sense of smell can sniff out nearby items.


Message History

The vampire hits you! The vampire closely misses you.
You hit the vampire but do no damage.
The vampire is heavily damaged.
The vampire barely misses you.
The vampire bites you but does no damage.
You hit the vampire but do no damage.
The vampire is heavily damaged.
You barely miss the vampire. You bite the vampire, but do no damage.
The vampire is heavily damaged.
The vampire gestures wildly while chanting.
The vampire flickers and vanishes!
Deactivating autopickup; reactivate with Ctrl-A.
You puncture something! You bite something. Something hits you!
* * * LOW HITPOINT WARNING * * *
Something bites you!
* * * LOW HITPOINT WARNING * * *
Something draws strength from your injuries!
You miss something.
Unholy energy fills the air.
You die...
Your body crumbles into a pile of gold.

##........# ##.[.###..#
#. ..........# #####
#..# #. ##.#.######
#..##### #. ##.#.#
############......# #.
##.#.#
#............####.# #.
##.#.#####.#####.###.##
#.# ##
##.........#.....# #)#
#.#
##...#######.###.###.#
#.# ##.#.#######.#
#@{...# #.#
##...........# ###.###
#.# .....######### #.#
#.# .#..## #.# #.#
.#..# #.# #.# .#..####
#.# #.# .......## #.#
#.# .#......##
##.#######.# .........#
#..#.......#


There were no monsters in sight!

Vanquished Creatures
  Pikel (D:8)
  Joseph (D:8)
  A wraith (D:8)
  A wyvern (D:7)
  Menkaure (D:5)
  An orc warrior (D:7)
  A phantom (D:4)
  2 sky beasts
  A black bear (D:6)
  8 ogres
  2 centaurs
  3 big kobolds (D:7)
  A bullfrog (D:7)
  3 jellies
  4 scorpions
  2 howler monkeys
  3 crimson imps
  2 bullfrog zombies
  4 hounds
  4 orc priests
  A bullfrog skeleton (D:5)
  An iguana (D:6)
  2 orc wizards
  5 worker ants
  A hound zombie (D:5)
  2 hound skeletons
  2 howler monkey zombies (D:6)
  9 gnolls
  13 adders
  3 shadow imps (D:5)
  An adder skeleton (D:4)
  A worm (D:2)
  A dart slug (D:1)
  5 leopard geckos
  21 orcs
  2 ball pythons
  4 giant cockroaches
  7 hobgoblins
  14 jackals
  2 quokkas
  7 bats
  5 frilled lizards
  2 goblins
  17 kobolds
  A leopard gecko skeleton (D:7)
  A leopard gecko zombie (D:5)
  A quokka zombie (D:5)
  8 rats
185 creatures vanquished.

Vanquished Creatures (others)
  An orc (D:8)
  A jackal (D:8)
  10 toadstools (D:7)
12 creatures vanquished.

Grand Total: 197 creatures vanquished

Notes
Turn   | Place    | Note
-------+----------+-------------------------------------------
     0 | D:1      | mopl the Gnoll Assassin began the quest for the Orb.
     0 | D:1      | Reached XP level 1. HP: 20/20 MP: 1/1
   244 | D:1      | Reached XP level 2. HP: 26/26 MP: 2/2
   496 | D:2      | Found a white marble altar of Elyvilon.
   512 | D:2      | Found a basalt altar of Yredelemnul.
   520 | D:2      | Reached XP level 3. HP: 31/31 MP: 3/3
   534 | D:2      | Found a stormy altar of Qazlal.
   534 | D:2      | Found a blossoming altar of Fedhas.
   553 | D:2      | Reached skill level 1 in Invocations
   564 | D:2      | Reached skill level 1 in Long Blades
   564 | D:2      | Reached skill level 1 in Axes
   564 | D:2      | Reached skill level 1 in Maces & Flails
   564 | D:2      | Reached skill level 1 in Polearms
   564 | D:2      | Reached skill level 1 in Staves
   564 | D:2      | Reached skill level 1 in Slings
   564 | D:2      | Reached skill level 1 in Bows
   564 | D:2      | Reached skill level 1 in Crossbows
   564 | D:2      | Reached skill level 1 in Armour
   564 | D:2      | Reached skill level 1 in Shields
   564 | D:2      | Reached skill level 1 in Unarmed Combat
   564 | D:2      | Reached skill level 1 in Spellcasting
   564 | D:2      | Reached skill level 1 in Evocations
   564 | D:2      | Reached XP level 4. HP: 16/38 MP: 5/5
  1066 | D:2      | Reached skill level 1 in Conjurations
  1066 | D:2      | Reached skill level 1 in Hexes
  1066 | D:2      | Reached skill level 1 in Charms
  1066 | D:2      | Reached skill level 1 in Summonings
  1066 | D:2      | Reached skill level 1 in Necromancy
  1066 | D:2      | Reached skill level 1 in Translocations
  1066 | D:2      | Reached skill level 1 in Transmutations
  1066 | D:2      | Reached skill level 1 in Fire Magic
  1066 | D:2      | Reached skill level 1 in Ice Magic
  1066 | D:2      | Reached skill level 1 in Air Magic
  1066 | D:2      | Reached skill level 1 in Earth Magic
  1066 | D:2      | Reached skill level 1 in Poison Magic
  1327 | D:2      | Reached XP level 5. HP: 43/43 MP: 6/6
  1649 | D:3      | Reached skill level 3 in Dodging
  2016 | D:3      | Found a hazy altar of Hepliaklqana.
  2071 | D:4      | Noticed an ogre
  2093 | D:4      | Killed an ogre
  2093 | D:4      | Reached skill level 8 in Stealth
  2093 | D:4      | Reached skill level 2 in Invocations
  2093 | D:4      | Reached XP level 6. HP: 50/50 MP: 8/8
  2150 | D:4      | Noticed a phantom
  2158 | D:4      | Reached skill level 5 in Fighting
  2158 | D:4      | Reached skill level 5 in Short Blades
  2158 | D:4      | Reached skill level 2 in Long Blades
  2158 | D:4      | Reached skill level 2 in Axes
  2158 | D:4      | Reached skill level 2 in Maces & Flails
  2158 | D:4      | Reached skill level 2 in Polearms
  2158 | D:4      | Reached skill level 2 in Staves
  2158 | D:4      | Reached skill level 2 in Slings
  2158 | D:4      | Reached skill level 2 in Bows
  2158 | D:4      | Reached skill level 2 in Crossbows
  2158 | D:4      | Reached skill level 5 in Throwing
  2158 | D:4      | Reached skill level 2 in Armour
  2158 | D:4      | Reached skill level 2 in Shields
  2158 | D:4      | Reached skill level 2 in Unarmed Combat
  2158 | D:4      | Reached skill level 2 in Spellcasting
  2158 | D:4      | Reached skill level 2 in Evocations
  2267 | D:4      | Killed a phantom
  2267 | D:4      | Reached XP level 7. HP: 14/56 MP: 10/10
  2863 | D:4      | Reached skill level 2 in Conjurations
  2863 | D:4      | Reached skill level 2 in Hexes
  2863 | D:4      | Reached skill level 2 in Charms
  2863 | D:4      | Reached skill level 2 in Summonings
  2863 | D:4      | Reached skill level 2 in Necromancy
  2863 | D:4      | Reached skill level 2 in Translocations
  2863 | D:4      | Reached skill level 2 in Transmutations
  2863 | D:4      | Reached skill level 2 in Fire Magic
  2863 | D:4      | Reached skill level 2 in Ice Magic
  2863 | D:4      | Reached skill level 2 in Air Magic
  2863 | D:4      | Reached skill level 2 in Earth Magic
  2863 | D:4      | Reached skill level 2 in Poison Magic
  3222 | D:4      | Found an iron altar of Okawaru.
  3574 | D:5      | Entered Level 5 of the Dungeon
  3658 | D:5      | Reached skill level 3 in Invocations
  3722 | D:5      | Found Cohadgh's Distillery.
  3739 | D:5      | Bought a potion of heal wounds for 70 gold pieces
  3739 | D:5      | Bought a potion of curing for 42 gold pieces
  3739 | D:5      | Bought a potion of degeneration for 14 gold pieces
  3739 | D:5      | Bought a potion of agility for 56 gold pieces
  3789 | D:5      | Reached XP level 8. HP: 40/63 MP: 12/12
  4521 | D:5      | Reached skill level 4 in Dodging
  4585 | D:5      | Noticed Menkaure
  4598 | D:5      | Killed Menkaure
  4598 | D:5      | Reached skill level 3 in Long Blades
  4598 | D:5      | Reached skill level 3 in Axes
  4598 | D:5      | Reached skill level 3 in Maces & Flails
  4598 | D:5      | Reached skill level 3 in Polearms
  4598 | D:5      | Reached skill level 3 in Staves
  4598 | D:5      | Reached skill level 3 in Slings
  4598 | D:5      | Reached skill level 3 in Bows
  4598 | D:5      | Reached skill level 3 in Crossbows
  4598 | D:5      | Reached skill level 3 in Armour
  4598 | D:5      | Reached skill level 3 in Shields
  4598 | D:5      | Reached skill level 3 in Unarmed Combat
  4598 | D:5      | Reached skill level 3 in Spellcasting
  4598 | D:5      | Reached skill level 3 in Evocations
  5288 | D:5      | Found a sacrificial altar of Ru.
  5690 | D:6      | Reached skill level 3 in Conjurations
  5690 | D:6      | Reached skill level 3 in Hexes
  5690 | D:6      | Reached skill level 3 in Charms
  5690 | D:6      | Reached skill level 3 in Summonings
  5690 | D:6      | Reached skill level 3 in Necromancy
  5690 | D:6      | Reached skill level 3 in Translocations
  5690 | D:6      | Reached skill level 3 in Transmutations
  5690 | D:6      | Reached skill level 3 in Fire Magic
  5690 | D:6      | Reached skill level 3 in Ice Magic
  5690 | D:6      | Reached skill level 3 in Air Magic
  5690 | D:6      | Reached skill level 3 in Earth Magic
  5690 | D:6      | Reached skill level 3 in Poison Magic
  5690 | D:6      | Reached skill level 4 in Invocations
  5705 | D:6      | Reached XP level 9. HP: 60/69 MP: 14/14
  5709 | D:6      | Reached skill level 6 in Fighting
  5709 | D:6      | Reached skill level 6 in Short Blades
  5709 | D:6      | Reached skill level 6 in Throwing
  6058 | D:6      | Found a radiant altar of Vehumet.
  6260 | D:7      | Found an opulent altar of Gozag.
  6284 | D:7      | Reached skill level 4 in Long Blades
  6284 | D:7      | Reached skill level 4 in Axes
  6284 | D:7      | Reached skill level 4 in Maces & Flails
  6284 | D:7      | Reached skill level 4 in Polearms
  6284 | D:7      | Reached skill level 4 in Staves
  6284 | D:7      | Reached skill level 4 in Slings
  6284 | D:7      | Reached skill level 4 in Bows
  6284 | D:7      | Reached skill level 4 in Crossbows
  6284 | D:7      | Reached skill level 4 in Armour
  6284 | D:7      | Reached skill level 4 in Shields
  6284 | D:7      | Reached skill level 4 in Unarmed Combat
  6284 | D:7      | Reached skill level 4 in Spellcasting
  6284 | D:7      | Reached skill level 4 in Evocations
  6296 | D:7      | Became a worshipper of Gozag Ym Sagoz the Greedy
  6341 | D:7      | Found a staircase to the Ecumenical Temple.
  6379 | D:7      | Found a glowing golden altar of the Shining One.
  6455 | D:7      | Reached skill level 5 in Dodging
  6577 | D:7      | Reached skill level 9 in Stealth
  7059 | D:8      | Noticed Joseph
  7086 | D:8      | Killed Joseph
  7086 | D:8      | Reached skill level 5 in Invocations
  7245 | D:8      | Noticed Pikel
  7268 | D:8      | Killed Pikel
  7268 | D:8      | Reached skill level 4 in Conjurations
  7268 | D:8      | Reached skill level 4 in Hexes
  7268 | D:8      | Reached skill level 4 in Charms
  7268 | D:8      | Reached skill level 4 in Summonings
  7268 | D:8      | Reached skill level 4 in Necromancy
  7268 | D:8      | Reached skill level 4 in Translocations
  7268 | D:8      | Reached skill level 4 in Transmutations
  7268 | D:8      | Reached skill level 4 in Fire Magic
  7268 | D:8      | Reached skill level 4 in Ice Magic
  7268 | D:8      | Reached skill level 4 in Air Magic
  7268 | D:8      | Reached skill level 4 in Earth Magic
  7268 | D:8      | Reached skill level 4 in Poison Magic
  7268 | D:8      | Reached XP level 10. HP: 29/77 MP: 17/17
  7764 | D:8      | Reached skill level 5 in Long Blades
  7764 | D:8      | Reached skill level 5 in Axes
  7764 | D:8      | Reached skill level 5 in Maces & Flails
  7764 | D:8      | Reached skill level 5 in Polearms
  7764 | D:8      | Reached skill level 5 in Staves
  7764 | D:8      | Reached skill level 5 in Slings
  7764 | D:8      | Reached skill level 5 in Bows
  7764 | D:8      | Reached skill level 5 in Crossbows
  7764 | D:8      | Reached skill level 5 in Armour
  7764 | D:8      | Reached skill level 5 in Shields
  7764 | D:8      | Reached skill level 5 in Unarmed Combat
  7764 | D:8      | Reached skill level 5 in Spellcasting
  7764 | D:8      | Reached skill level 5 in Evocations
  8001 | D:8      | Noticed Blork the orc
  8031 | D:8      | Noticed Blork
  8031 | D:8      | Blork the orc changed into Blork the worm
  8039 | D:8      | Found a deep blue altar of Sif Muna.
  8340 | D:9      | Noticed a balrug
  8342 | D:9      | Found a burning altar of Makhleb.
  8347 | D:9      | Found a glowing silver altar of Zin.
  8347 | D:9      | Noticed an angel
  8363 | D:9      | Found a blossoming altar of Fedhas.
  8451 | D:8      | Killed from afar by a vampire

Vault maps used:
D:1:      minmay_arrival_wavy_path
D:2:      grunt_temple_overflow_open, kennysheep_decorative_pillar
D:3:      overflow_temple_1_default
D:4:      kennysheep_okawaru_gauntlet
D:5:      marbit_many_paths, first_ration, serial_shops, nicolae_shop_stone,
          uniq_menkaure
D:6:      vehumet_crystals
D:7:      cheibrodos_fertilizer, nicolae_tso_carved_into_rock,
          lemuel_crystal_altar, temple_doors_ab
D:8:      tgw_sif, uniq_pikel, uniq_joseph
D:9:      grunt_temple_overflow_order_and_chaos_2, basic_altar, grunt_livestock,
          st_stairs_4, david_defended_altar_elf

Skill      XL: |  1  2  3  4  5  6  7  8  9 10 |
---------------+-------------------------------+-----
Invocations    | 1 2 3 4 5 |  5.5
Long Blades    | 1 2 3 4 5 |  5.0
Axes           | 1 2 3 4 5 |  5.0
Maces & Flails | 1 2 3 4 5 |  5.0
Polearms       | 1 2 3 4 5 |  5.0
Staves         | 1 2 3 4 5 |  5.0
Slings         | 1 2 3 4 5 |  5.0
Bows           | 1 2 3 4 5 |  5.0
Crossbows      | 1 2 3 4 5 |  5.0
Armour         | 1 2 3 4 5 |  5.0
Shields        | 1 2 3 4 5 |  5.0
Unarmed Combat | 1 2 3 4 5 |  5.0
Spellcasting   | 1 2 3 4 5 |  5.0
Evocations     | 1 2 3 4 5 |  5.0
Conjurations   | 1 2 3 4 |  4.1
Hexes          | 1 2 3 4 |  4.1
Charms         | 1 2 3 4 |  4.1
Summonings     | 1 2 3 4 |  4.1
Necromancy     | 1 2 3 4 |  4.1
Translocations | 1 2 3 4 |  4.1
Transmutations | 1 2 3 4 |  4.1
Fire Magic     | 1 2 3 4 |  4.1
Ice Magic      | 1 2 3 4 |  4.1
Air Magic      | 1 2 3 4 |  4.1
Earth Magic    | 1 2 3 4 |  4.1
Poison Magic   | 1 2 3 4 |  4.1
Dodging        | 3 4 5 |  5.7
Stealth        | 8 9 |  9.3
Fighting       | 5 6 |  6.9
Short Blades   | 5 6 |  6.9
Throwing       | 5 6 |  6.9

Action                   |  1- 3 |  4- 6 |  7- 9 | 10-12 || total
-------------------------+-------+-------+-------+-------++-------
Melee: Dagger            |    34 |   199 |   131 |       ||   364
       Bite              |     3 |    22 |    62 |     9 ||    96
       Punch             |     1 |     1 |    12 |     1 ||    15
       Rapier            |       |       |   291 |    96 ||   387
 Fire: Blowgun           |     9 |    17 |    33 |       ||    59
Throw: Stone             |       |    25 |     5 |       ||    30
Evoke: Wand              |       |       |     1 |     1 ||     2
  Use: Potion            |       |       |     1 |     1 ||     2
 Stab: Sleeping          |     7 |     9 |    20 |     3 ||    39
       Distracted        |       |       |     1 |     1 ||     2
       Paralysed         |       |       |     1 |       ||     1
  Eat: Chunk             |       |     4 |    14 |       ||    18
       Ration            |       |       |     1 |     1 ||     2
Armor: Robe              |     4 |    31 |    47 |    12 ||    94
Dodge: Dodged            |    17 |   129 |   294 |    95 ||   535

Table legend:
 A = Non-vault XP
 B = Vault XP
 C = Vault XP percentage of total XP
 D = Non-vault monster count
 E = Vault monster count
 F = Vault count percentage of total count
                 A         B        C        D         E       F
            +---------+---------+-------+---------+---------+-------
      Total |    4384 |    1561 |  26.3 |     173 |      12 |   6.5
            +---------+---------+-------+---------+---------+-------
        D:1 |      30 |       0 |   0.0 |      18 |       0 |   0.0
        D:2 |     139 |       0 |   0.0 |      28 |       0 |   0.0
        D:3 |      83 |       0 |   0.0 |      17 |       0 |   0.0
        D:4 |     694 |       0 |   0.0 |      17 |       0 |   0.0
        D:5 |     659 |     175 |  21.0 |      27 |       2 |   6.9
        D:6 |     916 |       0 |   0.0 |      30 |       0 |   0.0
        D:7 |    1153 |     294 |  20.3 |      20 |       8 |  28.6
        D:8 |     405 |    1092 |  72.9 |       7 |       2 |  22.2
        D:9 |     305 |       0 |   0.0 |       9 |       0 |   0.0
            +---------+---------+-------+---------+---------+-------
